 Dungeon Crawl Stone Soup version 0.19.4 (webtiles) character file.

123 galech the Skirmisher (level 5, -3/55 HPs)
             Began as an Ogre Fighter on Feb 1, 2017.
             Slain by an iguana (15 damage)
             ... on level 4 of the Dungeon.
             The game lasted 00:04:05 (2484 turns).

galech the Skirmisher (Ogre Fighter)                Turns: 2484, Time: 00:04:05

Health: -3/55      AC:  3    Str: 22    XL:     5   Next: 7%
Magic:  5/5        EV:  9    Int:  7    God:
Gold:   193        SH:  8    Dex:  9    Spells: 0 memorised, 4 levels left

rFire  . . .     SeeInvis .     a - +0 flail
rCold  . . .     Gourm    .     b - +0 robe
rNeg   + . .     Faith    .     c - +0 shield
rPois  .         Spirit   .     (helmet restricted)
rElec  .         Reflect  .     (no cloak)
rCorr  .         Harm     .     (gloves unavailable)
MR     .....                    (boots unavailable)
Stlth  +.........               (no amulet)
                                (no ring)
                                q - ring of positive energy

@: no status effects
A: unfitting armour, tough skin 1
a: no special abilities


You were on level 4 of the Dungeon.
You were very hungry.

You visited 1 branch of the dungeon, and saw 4 of its levels.

You collected 193 gold pieces.

Inventory:

Hand Weapons
 a - a +0 flail (weapon)
Armour
 b - a +0 robe (worn)
 c - a +0 shield (worn)
Jewellery
 q - a ring of positive energy (left hand)
 t - a cursed amulet of inaccuracy {unknown}
Scrolls
 e - 5 scrolls of identify {unknown}
 j - 3 scrolls of remove curse {unknown}
 k - a scroll of random uselessness {unknown}
 r - a scroll of fog {unknown}
 s - 2 scrolls of recharging {unknown}
 u - 3 scrolls of immolation {unknown}
 w - a scroll of magic mapping {unknown}
Potions
 d - 2 potions of might
 g - a potion of experience {unknown}
 h - 2 potions of lignification {unknown}
 l - 2 potions of invisibility {unknown}
 m - 2 potions of curing {unknown}
 o - a potion of degeneration {unknown}
Comestibles
 f - 4 bread rations
 i - a royal jelly
 n - a beef jerky
 p - 3 fruits
 v - a meat ration


   Skills:
 + Level 4.5 Fighting
 + Level 4.1 Maces & Flails
 + Level 3.7 Dodging
 + Level 0.1 Stealth
 + Level 3.3 Shields


You had 4 spell levels left.
You didn't know any spells.

Dungeon Overview and Level Annotations

Branches:
Dungeon (4/15)
 Temple: D:4-7

Altars:
Elyvilon
Kikubaaqudgha
Nemelex Xobeh
Ru

Annotations:
D:4 Squonk's ghost, amateur DgWn


Innate Abilities, Weirdness & Mutations

You are too large for most types of armour.
You have tough skin. (AC +1)


Message History

You are too injured to fight recklessly!
You are too injured to fight recklessly!
You are too injured to fight recklessly!
You are too injured to fight recklessly!
You are too injured to fight recklessly!
You are too injured to fight recklessly!
You are too injured to fight recklessly!
You are too injured to fight recklessly!
You are too injured to fight recklessly!
You hit the iguana.
The iguana is almost dead.
The iguana bites you.
* * * LOW HITPOINT WARNING * * *
You barely miss the iguana.
The iguana is almost dead.
The iguana closely misses you.
You barely miss the iguana.
The iguana is almost dead.
The iguana bites you!
You die...

..... ..( ...
#.# #######.##
#...?....#
.....##W## ###
#l# #@## #..#
.# ##(# ...##
##### #W#
##...###...##
#.##
#...###.....##
#..#
##...##.......#
##.# ....#
#.......# #.#
.#..###.......#
#.#


You could see a phantom, an iguana and Squonk's ghost.

Vanquished Creatures
  A hound (D:4)
  A centaur skeleton (D:3)
  An ooze (D:1)
  3 worms
  2 leopard geckos
  3 orcs (D:3)
  2 giant cockroaches
  9 hobgoblins
  3 kobolds
  2 ball pythons (D:3)
  6 bats
  3 frilled lizards
  4 goblins
  A quokka skeleton (D:4)
  7 rats
48 creatures vanquished.

Notes
Turn   | Place    | Note
-------+----------+-------------------------------------------
     0 | D:1      | galech the Ogre Fighter began the quest for the Orb.
     0 | D:1      | Reached XP level 1. HP: 24/24 MP: 1/1
   150 | D:1      | Reached XP level 2. HP: 31/32 MP: 2/2
   634 | D:2      | Found a sacrificial altar of Ru.
   634 | D:2      | Found a white marble altar of Elyvilon.
   638 | D:2      | Found a sparkling altar of Nemelex Xobeh.
   775 | D:2      | Reached XP level 3. HP: 33/39 MP: 3/3
   784 | D:2      | Found an ancient bone altar of Kikubaaqudgha.
  1188 | D:3      | Reached XP level 4. HP: 14/49 MP: 4/4
  2201 | D:4      | Reached XP level 5. HP: 28/55 MP: 5/5
  2415 | D:4      | Noticed a phantom
  2471 | D:4      | Noticed Squonk's ghost (amateur DgWn)
  2484 | D:4      | Slain by an iguana

Skill      XL: |  1  2  3  4 |
---------------+-------------+-----
Dodging        | 3 |  3.7
Shields        | 3 |  3.3
Maces & Flails | 3 4 |  4.1
Fighting       | |  4.5
Stealth        | |  0.1

Action                   |  1- 3 |  4- 6 || total
-------------------------+-------+-------++-------
Melee: Flail             |   132 |    96 ||   228
  Eat: Chunk             |     1 |     3 ||     4
Armor: Robe              |    46 |     9 ||    55
Dodge: Dodged            |    42 |    24 ||    66
Block: Shield            |    80 |    44 ||   124
